 Dungeon Crawl Stone Soup version 0.30-a0-341-g682706514a (webtiles) character file.

Game seed: 18010793480187898248

3201 NinjaNoafa the Slicer (level 9, -8/72 HPs)
             Began as a Merfolk Gladiator on Nov 2, 2022.
             Was a Follower of Uskayaw.
             Mangled by a two-headed ogre
             ... wielding a +0 giant spiked club
              (11 damage)
             ... on level 6 of the Dungeon.
             The game lasted 00:14:36 (7523 turns).

NinjaNoafa the Slicer (Merfolk Gladiator)           Turns: 7523, Time: 00:14:36

Health: -8/72      AC:  5    Str: 14    XL:     9   Next: 96%
Magic:  0/9        EV: 16    Int:  8    God:    Uskayaw [*.....]
Gold:   324        SH:  0    Dex: 19    Spells: 8/8 levels left

rFire   . . .      SeeInvis .    a - +0 rapier
rCold   . . .      Faith    .    (no shield)
rNeg    . . .      Spirit   +    b - +0 leather armour
rPois   .          Reflect  .    c - +0 helmet
rElec   .          Harm     .    n - +0 cloak
rCorr   .          Rampage  .    (no gloves)
Will    .....                    (no boots)
Stlth   +++.......               t - amulet of guardian spirit
HPRegen 0.32/turn                (no ring)
MPRegen 0.11/turn                (no ring)

@: no status effects
A: (nimble swimmer 2), mertail
a: Renounce Religion, Stomp


You were on level 6 of the Dungeon.
You worshipped Uskayaw.
Uskayaw was noncommittal.
You visited 2 branches of the dungeon, and saw 8 of its levels.
You also visited: Sewer.

You collected 324 gold pieces.

Inventory:

Hand Weapons
 a - a +0 rapier (weapon)
Missiles
 d - 3 throwing nets
 f - 73 stones
 l - 2 boomerangs
 s - 21 poisoned darts (quivered)
 w - a curare-tipped dart
Armour
 b - a +0 leather armour (worn)
 c - a +0 helmet (worn)
 n - a +0 cloak (worn)
 E - a +1 robe of the Archmagi
Jewellery
 t - an amulet of guardian spirit (around neck)
Wands
 e - a wand of iceblast (10)
 x - a wand of flame (17)
 B - a wand of quicksilver (3)
 C - a wand of charming (10)
 D - a wand of mindburst (3)
Scrolls
 g - 2 scrolls of butterflies
 h - 3 scrolls of amnesia
 i - 3 scrolls of immolation
 j - a scroll of acquirement
 k - 2 scrolls of magic mapping
 m - a scroll of torment
 o - 2 scrolls of enchant armour
 r - 2 scrolls of summoning {unknown}
 u - a scroll of vulnerability
 y - a scroll of fear {unknown}
 A - a scroll of enchant weapon {unknown}
Potions
 p - a potion of lignification
 q - a potion of curing
 v - 2 potions of degeneration
 z - 3 potions of mutation
 F - a potion of might


   Skills:
 - Level 7.0 Fighting
 + Level 9.7 Short Blades
 - Level 3.0 Throwing
 - Level 7.0 Dodging
 - Level 5.0 Stealth
 - Level 7.0 Evocations


You had 8 spell levels left.
You didn't know any spells.
Your spell library was empty.

Dungeon Overview and Level Annotations

Branches:
Dungeon (7/15)             Temple (1/1) D:7           Sewer (visited)

Altars:
Ashenzari
Dithmenos
Elyvilon
Fedhas
Gozag
Kikubaaqudgha
Makhleb
Nemelex Xobeh
Okawaru
Qazlal
Ru
Sif Muna
Trog
Uskayaw
Vehumet
Wu Jian
Yredelemnul
Zin
The Shining One

Shops:
D:1 (

Annotations:
D:6 3 runed translucent doors, baller8008's ghost, novice TrFi


Innate Abilities, Weirdness & Mutations

((You are very nimble when in or above water. (Stealth+, EV+, Speed+++)))
Your lower body shifts to a powerful aquatic tail in water.


Message History

Items here: ))) [[ ††††.
Magic restored.
Things that are here:
a +0 leather armour; a +0 mace
There is an open door here.
There is a stone staircase leading up here.
You climb upwards.
Level annotation: 3 runed translucent doors, baller8008's ghost, novice TrFi
There is a stone staircase leading down here.
A two-headed ogre is nearby!
You puncture the two-headed ogre!
The two-headed ogre is lightly wounded.
You hit the two-headed ogre.
The two-headed ogre is moderately wounded.
The two-headed ogre barely misses you.
The two-headed ogre hits you with a +0 giant club!!
You hit the two-headed ogre but do no damage.
The two-headed ogre is moderately wounded.
You hit the two-headed ogre.
The two-headed ogre is moderately wounded.
The two-headed ogre hits you with a +0 giant spiked club!!
* * * LOW HITPOINT WARNING * * *
The two-headed ogre hits you with a +0 giant club!!
* * * LOW HITPOINT WARNING * * *
Okay, then.
Okay, then.
The two-headed ogre misses you.
The two-headed ogre completely misses you.
Okay, then.
Okay, then.
Found a manual of Unarmed Combat.
The two-headed ogre attacks as you move away!
The two-headed ogre hits you with a +0 giant spiked club.
* * * LOW HITPOINT WARNING * * *
The two-headed ogre misses you.
You feel better.
The two-headed ogre hits you with a +0 giant spiked club!
* * * LOW HITPOINT WARNING * * *
The two-headed ogre hits you with a +0 giant club!
You die...

.#.#.#...##.#######.#
.#.#.#..>##.# *.#
.#.#.#.#.##.#######.#
.#.#.#.#.##.#.......#
.#.#.#...##...#.....#
)#.....#..#.#.#.#.#.#
...#.#.##....###..#.#
.#.#.#.#######.##O..#
##.#.#........:.@##.#
#...#.#######.##...#
#.###.##....#**,.#.#
#.# #.#K.#,*,*,*..,#
###
#....#,,,*,,...******
#O##.#**,,,*....,,,,*
#....# *****##.##*,**
######.#### *.# *,*
h......# *,***,*


You could see a two-headed ogre.

Vanquished Creatures
  A two-headed ogre (D:6)
  Prince Ribbit (D:6)
  A yak (D:6)
  A steam dragon (D:7)
  2 water moccasins
  A sky beast (D:6)
  2 black bears
  An ice beast (D:5)
  3 ogres
  2 centaurs
  A kobold brigand (D:6)
  A gnoll sergeant (D:5)
  3 bullfrogs (D:7)
  A necrophage (D:5)
  3 howler monkeys
  A gnoll bouda (D:5)
  7 hounds
  Terence (D:2)
  2 iguanas (D:5)
  4 orc wizards
  7 adders
  8 gnolls
  A shadow imp (D:6)
  2 white imps (D:5)
  2 worms (D:2)
  3 dart slugs
  6 orcs
  8 ball pythons
  6 endoplasms
  3 giant cockroaches
  7 hobgoblins
  8 jackals
  6 kobolds
  11 quokkas
  12 bats
  6 frilled lizards
  9 goblins
  7 rats
151 creatures vanquished.

Vanquished Creatures (others)
  A fungus (D:1)
1 creature vanquished.

Grand Total: 152 creatures vanquished

Notes
Turn   | Place    | Note
-------+----------+-------------------------------------------
     0 | D:1      | NinjaNoafa the Merfolk Gladiator began the quest for the
                  | Orb.
     0 | D:1      | Reached XP level 1. HP: 16/16 MP: 1/1
    70 | D:1      | Reached skill level 4 in Short Blades
    95 | D:1      | Reached XP level 2. HP: 17/22 MP: 2/2
   523 | D:1      | Reached XP level 3. HP: 24/27 MP: 3/3
   529 | D:1      | Reached skill level 5 in Short Blades
   632 | D:1      | Found a faded altar of an unknown god.
   661 | D:1      | Found Biwar's Antique Weapon Emporium.
  1045 | D:2      | Reached skill level 5 in Dodging
  1056 | D:2      | Reached XP level 4. HP: 33/33 MP: 4/4
  1166 | D:2      | Noticed Terence
  1175 | D:2      | Killed Terence
  1176 | D:2      | Reached skill level 1 in Stealth
  1497 | D:2      | Reached XP level 5. HP: 41/41 MP: 5/5
  1781 | D:3      | Found a glowing drain.
  1786 | Sewer    | Entered a sewer
  1842 | Sewer    | Noticed a water moccasin
  1857 | Sewer    | Killed a water moccasin
  1858 | Sewer    | Reached XP level 6. HP: 26/47 MP: 6/6
  2652 | D:3      | Reached skill level 5 in Stealth
  3067 | D:4      | Reached XP level 7. HP: 54/54 MP: 7/7
  3094 | D:4      | Reached skill level 6 in Short Blades
  3143 | D:4      | Found a glowing golden altar of the Shining One.
  4037 | D:5      | Entered Level 5 of the Dungeon
  4054 | D:5      | Reached skill level 5 in Fighting
  4162 | D:5      | Identified a scroll of acquirement
  4309 | D:5      | Reached skill level 7 in Short Blades
  4495 | D:5      | Reached XP level 8. HP: 50/62 MP: 5/8
  5001 | D:5      | Reached skill level 1 in Evocations
  5432 | D:5      | Found a broken altar of Ashenzari.
  5461 | D:6      | Noticed Prince Ribbit
  5464 | D:6      | Found a runed translucent gate.
  5465 | D:6      | Found a runed translucent gate.
  5466 | D:6      | Found a runed translucent gate.
  5472 | D:6      | Found a stormy altar of Qazlal.
  5475 | D:6      | Killed Prince Ribbit
  5476 | D:6      | Reached skill level 8 in Short Blades
  5508 | D:6      | Noticed baller8008's ghost (novice TrFi)
  5740 | D:6      | Reached skill level 9 in Short Blades
  5983 | D:6      | Reached XP level 9. HP: 17/68 MP: 4/9
  6197 | D:6      | Noticed a two-headed ogre
  6199 | D:6      | Noticed a two-headed ogre
  6279 | D:6      | Killed a two-headed ogre
  6280 | D:6      | Reached skill level 5 in Evocations
  6944 | D:7      | Found a staircase to the Ecumenical Temple.
  6954 | Temple   | Entered the Ecumenical Temple
  7164 | Temple   | Became a worshipper of Uskayaw the Reveller
  7192 | D:7      | Reached * piety under Uskayaw
  7381 | D:7      | Reached ** piety under Uskayaw
  7440 | D:7      | Reached *** piety under Uskayaw
  7523 | D:6      | HP: 3/72 [two-headed ogre/+0 giant spiked club (7)]
  7523 | D:6      | Mangled by a two-headed ogre

Illustrated notes

Levels and vault maps discovered:
D:1:      lightli_arrival_lavapool, layout_basic, serial_shops, shop,
          dreamdust_ecumenical_altar_grove
D:2:      layout_loops_ring, minmay_bisected, uniq_terence
D:3:      layout_basic, gup_sewer_entry_bowl, minmay_stone_trees_small
D:4:      layout_basic, mainiacjoe_overflow_alcove_2, minmay_misc_feat_hallway
D:5:      layout_basic, lemuel_coloured_pillars_altar, nicolae_grassy_gnolls
D:6:      layout_basic, grunt_qazlal_clouds, gammafunk_ghost_necromancy,
          kennysheep_nondescript, minmay_manual_monstrance, uniq_prince_ribbit1,
          uniq_crazy_yiuf_cottage, uniq_eustachio
D:7:      layout_basic, regret_index_temple_of_mockery, temple_green
Temple:   nicolae_temple_bog_church

Skill      XL: |  1  2  3  4  5  6  7  8  9 |
---------------+----------------------------+-----
Short Blades   | 4 5 7 9 |  9.7
Dodging        | 5 6 7 |  7.0
Stealth        | 2 4 5 |  5.0
Fighting       | 3 4 5 7 |  7.0
Evocations     | 4 7 |  7.0
Throwing       | 3 |  3.0

Action                   |  1- 3 |  4- 6 |  7- 9 || total
-------------------------+-------+-------+-------++-------
Melee: Rapier            |   145 |   114 |   377 ||   636
       Tailslap          |       |     1 |       ||     1
       Punch             |       |       |     6 ||     6
Throw: Javelin           |       |     1 |     2 ||     3
       Dart              |       |       |    17 ||    17
Evoke: Wand              |       |       |    16 ||    16
  Use: Potion            |     1 |       |     5 ||     6
       Scroll            |       |       |    21 ||    21
 Stab: Sleeping          |     4 |    10 |     8 ||    22
       Paralysed         |       |       |     1 ||     1
Armor: Leather armour    |    27 |    31 |    88 ||   146
       Skin              |    11 |     3 |    34 ||    48
Dodge: Dodged            |    87 |    84 |   301 ||   472

Table legend: (Time is in decaauts)
 A = Elapsed time spent in this place.
 B = Non-inter-level travel time spent in this place.
 C = Inter-level travel time spent in this place.
 D = Time resting spent in this place.
 E = Time spent auto-exploring this place.
 F = Levels seen in this place.
 G = Mean time per level.
                   A        B        C        D        E       F      G
               +--------+--------+--------+--------+--------+-----+--------+
         Total |   7394 |   7195 |    199 |    183 |   5432 |   9 |  821.6 |
       Dungeon |   6971 |   6810 |    161 |    183 |   5103 |   7 |  995.9 |
        Temple |    195 |    158 |     37 |      0 |    148 |   1 |  195.0 |
         Sewer |    227 |    227 |      0 |      0 |    180 |   1 |  227.0 |
               +--------+--------+--------+--------+--------+-----+--------+

Top non-repeatable levels by time:
     D:5: 1315 daAuts
     D:3: 1095 daAuts
     D:4: 1051 daAuts
     D:6: 974 daAuts
     D:1: 870 daAuts
     D:2: 844 daAuts
     D:7: 819 daAuts
   Sewer: 227 daAuts
  Temple: 195 daAuts
